Map: 엔디온 잔해

Players

True

  • Race: Zerg Zerg
  • League: Grandmaster

Scarlett - Winner!

  • Race: Zerg Zerg
  • League: Diamond

VOD

Have the link to the VOD?

Description

Time

  • Played on: April 14, 2016, 2:34 a.m.
  • Length: 3:57
Show
View Real Time Build Order
Export as new Build Order

True Zerg 

Build Orders: 3 Hatch before Pool 

Get SALT Encoding   

  12  0:00  Drone  
  13  0:12  Overlord  
  13  0:17  Drone  
  14  0:31  Drone x2  
  14  0:34  Drone  
  17  0:52  Hatchery  
  16  0:57  Drone x2  
  18  1:18  Hatchery  
  18  1:23  Drone  
  18  1:30  Extractor  
  17  1:37  Spawning Pool  
  16  1:40  Drone  
  16  1:42  Drone  
  16  1:46  Drone  
  19  1:51  Overlord  
  17  2:23  Queen  
  17  2:25  Zergling x4  
  17  2:26  Zergling x2  
  20  2:45  Zergling x2  
  20  2:49  Zergling x2  
  9  3:26  Zergling x2  
  11  3:34  Zergling x2  
Show
View Real Time Build Order
Export as new Build Order

Scarlett Zerg - Winner!

Build Orders: Pool Only 

Get SALT Encoding   

  12  0:00  Drone  
  13  0:21  Spawning Pool  
  13  0:25  Drone  
  13  0:31  Drone  
  14  0:37  Extractor, Drone  
  15  0:43  Overlord  
  15  1:08  Queen  
  15  1:09  Zergling x6  
  20  1:21  Zergling x2  
  21  1:29  Spine Crawler  
  21  1:32  Zergling x2  
  21  1:42  Zergling x2  
  22  2:06  Spine Crawler  
  22  2:07  Spine Crawler  
  20  2:19  Zergling x4  
  22  2:39  Overlord  
  20  2:45  Spine Crawler  
  19  2:57  Zergling x2  
  18  3:06  Zergling x2  
  15  3:14  Zergling x2  
  15  3:18  Zergling x2  
  13  3:30  Zergling x2  
  14  3:47  Spine Crawler  
Tags
 
Add a new tag
Caveats
  • Supply blocks, unpowered buildings, or Contaminate may cause inaccurate times.
  • Supply counts are checked every 10 seconds.